 Dungeon Sprint DCSS version 0.21.1-1-g345015f (webtiles) character file.

14800000 sanboga the Ninja (level 26, -2/145 HPs)
             Began as a Felid Monk on Mar 9, 2018.
             Was the Champion of Makhleb.
             Killed by divine providence
             ... invoked by an accursed
              (16 damage)
             ... in the Dungeon (Sprint VIII: "Arena of Blood").
             The game lasted 00:03:41 (148 turns).

sanboga the Ninja (Felid Monk)                       Turns: 148, Time: 00:03:41

Health: -2/145     AC:  3    Str: 11    XL:     26   Next: 79%
Magic:  55/55      EV: 41    Int: 13    God:    Makhleb [******]
Gold:   0          SH:  0    Dex: 25    Spells: 79/79 levels left
                                        Lives:  0   Deaths: 8

rFire    . . .     SeeInvis +     - Unarmed
rCold    + . .     Gourm    .   (shield unavailable)
rNeg     . . .     Faith    .   (armour unavailable)
rPois    .         Spirit   .   (helmet unavailable)
rElec    .         Reflect  .   (cloak unavailable)
rCorr    .         Harm     .   (gloves unavailable)
MR       +++..     NoTele   +   (boots unavailable)
Stlth    ++++++++++             (no amulet)
HPRegen  0.34/turn              h - +27000 ring of slaying
MPRegen  0.34/turn              (no ring)

@: constricted, quick
A: very small, no armour, no weapons or thrown items, stealth, claws 1, fangs 3,
see invisible, carnivore, speed 1, shaggy fur 3, slow metabolism 1, sharp paws
a: Minor Destruction, Lesser Servant of Makhleb, Major Destruction, Greater
Servant of Makhleb, Renounce Religion


You were in the Dungeon.
You worshipped Makhleb.
Makhleb was exalted by your worship.
You were not hungry.

You visited 1 branch

Inventory:

Jewellery
 h - a +27000 ring of slaying (left paw)
Potions
 b - a potion of curing
 c - a potion of heal wounds
 d - a potion of haste
 e - 2 potions of magic
 f - a potion of berserk rage
Comestibles
 a - a ration


   Skills:
 O Level 27 Fighting
 O Level 27 Dodging
 O Level 27 Stealth
 O Level 27 Unarmed Combat
 O Level 27 Spellcasting
 O Level 27 Invocations


You had 79 spell levels left.
You didn't know any spells.

Dungeon Overview and Level Annotations

Branches:
Dungeon (1/1)

Altars:
Makhleb

Annotations:
D The Servant


Innate Abilities, Weirdness & Mutations

You cannot wear armour.
You are incapable of wielding weapons or throwing items.
Your paws allow you to move quietly. (Stealth)
You have sharp claws.
You have razor-sharp teeth.
You have supernaturally acute eyesight. (SInv)
You are carnivorous and can eat meat at any time.
You cover ground quickly.
Your thick and shaggy fur keeps you warm. (AC +3, rC+)
You have a slow metabolism.
Your sharp claws are effective at attacking unaware monsters.


Message History

You kill the soul eater!
You hear a shout! x2
You eviscerate the bag of meat!!!!!!!!!
You kill the bag of meat!
Makhleb accepts your kill.
You feel better.
You hear a shout!
The tyrant waves its bony arms in wide circles.
The air twists around and strikes you!
* * * LOW HITPOINT WARNING * * *
The tentacled monstrosity is engulfed in blazing flames.
The tentacled monstrosity tentacle-slaps you.
* * * LOW HITPOINT WARNING * * *
The tentacled monstrosity misses you.
The tentacled monstrosity completely misses you.
* * * LOW HITPOINT WARNING * * *
The tentacled monstrosity constricts you!
The accursed points at you and mumbles some strange words.
Something smites you!
You die...

########## .=......)####
......))§x§L####
.##.#####@)....####
.....oo§XMoX.....#### #
.##oopoO.oz........####
..o.O.oo.x.Mo.........#
#.#.o.....#ooo........#
........####DO..x.....#
..p.S.......M.o.......#
......D..........§Wo#......#
. ......... ...X.§§§ooX....#


You could see 3 accurseds, a tentacled monstrosity, a tyrant, 2 eight-headed
meat hydras, a scourge, 2 fleshlords, a sculptor of flesh, 2 large bags of meat,
a large abomination, a dread, a meat berserker (berserk), 17 bags of meat and 2
crawling corpses.

Vanquished Creatures
  A hell knight (D)
  3 hell beasts (D)
  2 greater mummies (D)
  A wraith (D)
  6 vampire knights (D)
  29 ogres (D)
  5 two-headed ogres (D)
  3 liches (D)
  2 hydras (D)
  29 orcs (D)
  3 skeletal warriors (D)
  A sea snake (D)
  A large abomination (D)
  3 small abominations (D)
  A crawling corpse (D)
90 creatures vanquished.

Vanquished Creatures (others)
  An ogre (D)
  A two-headed ogre (D)
  9 orcs (D)
  A small abomination (D)
  4 crawling corpses (D)
16 creatures vanquished.

Grand Total: 106 creatures vanquished

Notes
Turn   | Place    | Note
-------+----------+-------------------------------------------
     0 | D        | sanboga the Felid Monk began the quest for the Orb.
     0 | D        | Reached XP level 1. HP: 10/10 MP: 2/2
     3 | D        | Noticed a bag of meat
     4 | D        | Became a worshipper of Makhleb the Destroyer
     4 | D        | Reached * piety under Makhleb
     4 | D        | Reached ** piety under Makhleb
     5 | D        | Noticed a bag of meat
     6 | D        | Noticed a bag of meat
     6 | D        | Killed a bag of meat
     6 | D        | Reached XP level 2. HP: 25/25 MP: 3/3
     6 | D        | Reached XP level 3. HP: 29/29 MP: 4/4
     6 | D        | Reached XP level 4. HP: 33/33 MP: 5/5
     6 | D        | Reached XP level 5. HP: 37/37 MP: 6/6
     6 | D        | Gained mutation: You are covered in thick fur. (AC +2) [Felid growth]
     6 | D        | Reached XP level 6. HP: 41/41 MP: 7/7
     6 | D        | Reached XP level 7. HP: 45/45 MP: 8/8
     6 | D        | Reached XP level 8. HP: 49/49 MP: 9/9
     6 | D        | Reached XP level 9. HP: 52/52 MP: 10/10
     6 | D        | Reached XP level 10. HP: 57/57 MP: 11/11
     6 | D        | Reached XP level 11. HP: 60/60 MP: 12/12
     7 | D        | Noticed a bag of meat
     7 | D        | Noticed a meat berserker
     7 | D        | Noticed a meat berserker
     7 | D        | Noticed a meat berserker
     7 | D        | Noticed a bag of meat
     7 | D        | Noticed a bag of meat
     7 | D        | Noticed a meat berserker
    10 | D        | Noticed a bag of meat
    10 | D        | Killed a bag of meat
    10 | D        | Gained mutation: Your thick and shaggy fur keeps you warm. (AC +3, rC+) [Felid growth]
    10 | D        | Reached XP level 12. HP: 42/67 MP: 13/13
    10 | D        | Slain by a bag of meat
    11 | D        | Reached XP level 11. HP: -3/63 MP: 12/12
    11 | D        | Noticed a bag of meat
    11 | D        | Noticed a bag of meat
    11 | D        | Noticed a bag of meat
    11 | D        | Noticed a meat berserker
    12 | D        | Noticed a destroyer
    12 | D        | Noticed a meat berserker
    12 | D        | Noticed a bag of meat
    13 | D        | Noticed a bag of meat
    13 | D        | Noticed a bag of meat
    13 | D        | Noticed a bag of meat
    13 | D        | Noticed a bag of meat
    14 | D        | Noticed a bag of meat
    14 | D        | Noticed a bag of meat
    14 | D        | Noticed a bag of meat
    14 | D        | Noticed a bag of meat
    15 | D        | Noticed a bag of meat
    15 | D        | Noticed a meat berserker
    15 | D        | Killed a meat berserker
    15 | D        | Reached *** piety under Makhleb
    15 | D        | Reached XP level 12. HP: 71/71 MP: 13/13
    15 | D        | Reached XP level 13. HP: 75/75 MP: 14/14
    16 | D        | Noticed a bag of meat
    16 | D        | Noticed a bag of meat
    16 | D        | Noticed a bag of meat
    16 | D        | Noticed a bag of meat
    16 | D        | Noticed a meat berserker
    17 | D        | Noticed a meat berserker
    17 | D        | Noticed a bag of meat
    17 | D        | Noticed a bag of meat
    17 | D        | Noticed a large bag of meat
    17 | D        | Killed a bag of meat
    17 | D        | Reached XP level 14. HP: 81/81 MP: 15/15
    18 | D        | Noticed a meat berserker
    18 | D        | Noticed a large bag of meat
    18 | D        | Noticed a bag of meat
    18 | D        | Killed a bag of meat
    18 | D        | Reached skill level 27 in Stealth
    19 | D        | Noticed a meat berserker
    19 | D        | Killed a meat berserker
    19 | D        | Reached skill level 27 in Dodging
    19 | D        | Reached XP level 15. HP: 8/91 MP: 16/16
    19 | D        | Slain by a bag of meat
    20 | D        | Reached XP level 14. HP: -4/87 MP: 15/15
    20 | D        | Noticed a bag of meat
    20 | D        | Noticed a bag of meat
    20 | D        | Noticed a bag of meat
    20 | D        | Noticed a bag of meat
    20 | D        | Noticed a bag of meat
    20 | D        | Noticed a bag of meat
    20 | D        | Noticed a bag of meat
    20 | D        | Noticed a bag of meat
    21 | D        | Noticed a meat berserker
    22 | D        | HP: 3/87 [bag of meat/+9 war axe (46)]
    23 | D        | Killed a bag of meat
    23 | D        | Reached **** piety under Makhleb
    23 | D        | Reached XP level 15. HP: 65/93 MP: 16/16
    25 | D        | Reached skill level 27 in Fighting
    25 | D        | Reached skill level 27 in Unarmed Combat
    26 | D        | Noticed a meat berserker
    26 | D        | Reached ***** piety under Makhleb
    26 | D        | Reached XP level 16. HP: 100/100 MP: 16/33
    27 | D        | Noticed a large bag of meat
    31 | D        | Noticed a destroyer
    31 | D        | Noticed a large bag of meat
    37 | D        | Noticed a large bag of meat
    38 | D        | Killed a large bag of meat
    39 | D        | Killed a meat berserker
    39 | D        | Reached XP level 17. HP: 104/104 MP: 18/42
    42 | D        | Killed a large bag of meat
    43 | D        | Noticed a destroyer
    43 | D        | Demolished by a bag of meat
    44 | D        | Reached XP level 16. HP: -20/100 MP: 19/44
    44 | D        | Noticed a meat berserker
    44 | D        | Noticed a meat berserker
    44 | D        | Noticed a meat berserker
    44 | D        | Noticed a large bag of meat
    44 | D        | Noticed a meat berserker
    44 | D        | Noticed a large bag of meat
    44 | D        | Noticed a meat berserker
    44 | D        | Noticed a meat berserker
    44 | D        | Noticed a meat berserker
    44 | D        | Noticed The Servant
    44 | D        | Noticed a sculptor of flesh
    44 | D        | Noticed a sculptor of flesh
    45 | D        | Noticed a meat berserker
    45 | D        | Noticed a meat berserker
    45 | D        | Noticed a meat berserker
    45 | D        | Noticed a destroyer
    45 | D        | Killed a destroyer
    45 | D        | Reached skill level 27 in Spellcasting
    45 | D        | Reached skill level 27 in Invocations
    45 | D        | Reached XP level 17. HP: 104/104 MP: 44/49
    46 | D        | Killed a meat berserker
    46 | D        | Reached XP level 18. HP: 109/109 MP: 44/50
    47 | D        | Noticed a meat berserker
    47 | D        | Killed a meat berserker
    48 | D        | Reached ****** piety under Makhleb
    49 | D        | Killed a meat berserker
    49 | D        | Reached XP level 19. HP: 113/113 MP: 44/51
    50 | D        | Killed a meat berserker
    50 | D        | Noticed a tyrant
    51 | D        | Noticed a meat berserker
    51 | D        | Killed a meat berserker
    52 | D        | Killed a meat berserker
    52 | D        | Reached XP level 20. HP: 86/118 MP: 45/52
    53 | D        | Noticed a large bag of meat
    53 | D        | Killed a meat berserker
    54 | D        | Killed a meat berserker
    55 | D        | Killed a large bag of meat
    55 | D        | Reached XP level 21. HP: 122/122 MP: 45/53
    56 | D        | Noticed an accursed
    58 | D        | Annihilated by a bag of meat
    59 | D        | Reached XP level 20. HP: -30/118 MP: 46/52
    59 | D        | Noticed a meat berserker
    59 | D        | Noticed an accursed
    59 | D        | Noticed a meat berserker
    59 | D        | Noticed a large bag of meat
    59 | D        | Noticed an accursed
    59 | D        | Noticed an accursed
    60 | D        | Noticed a meat berserker
    61 | D        | Noticed a meat berserker
    63 | D        | Noticed a dread
    63 | D        | Noticed a dread
    64 | D        | Noticed a meat berserker
    64 | D        | Noticed a destroyer
    66 | D        | Noticed a tyrant
    66 | D        | Noticed a tyrant
    67 | D        | Noticed a meat berserker
    67 | D        | Killed a destroyer
    67 | D        | Reached XP level 21. HP: 122/122 MP: 53/53
    69 | D        | HP: 3/122 [bag of meat/+9 war axe (37)]
    70 | D        | Demolished by a bag of meat
    71 | D        | Reached XP level 20. HP: -21/118 MP: 52/52
    71 | D        | Noticed a meat berserker
    71 | D        | Noticed a destroyer
    71 | D        | Noticed an accursed
    71 | D        | Noticed a meat berserker
    73 | D        | Noticed a meat berserker
    74 | D        | Noticed a destroyer
    74 | D        | Killed a meat berserker
    75 | D        | Noticed a meat beast
    75 | D        | Killed a meat berserker
    75 | D        | Reached XP level 21. HP: 122/122 MP: 53/53
    80 | D        | Killed a meat beast
    80 | D        | Reached XP level 22. HP: 81/127 MP: 54/54
    83 | D        | Reached XP level 23. HP: 131/131 MP: 55/55
    87 | D        | Killed a tyrant
    87 | D        | Killed from afar by a tyrant
    88 | D        | Reached XP level 22. HP: -37/127 MP: 54/54
    88 | D        | Annihilated by The Servant
    89 | D        | Reached XP level 21. HP: -83/122 MP: 53/53
    90 | D        | Noticed a meat beast
    92 | D        | Killed a destroyer
    92 | D        | Reached XP level 22. HP: 8/127 MP: 54/54
    92 | D        | HP: 5/127 [??? (3)]
    95 | D        | Noticed a meat beast
    96 | D        | Noticed a dread
    96 | D        | Noticed a tyrant
    97 | D        | Killed a meat beast
    97 | D        | Reached XP level 23. HP: 131/131 MP: 55/55
    98 | D        | Noticed a large bag of meat
    98 | D        | Killed a destroyer
   102 | D        | Noticed a tyrant
   102 | D        | Killed a meat beast
   102 | D        | Reached XP level 24. HP: 136/136 MP: 55/55
   103 | D        | Noticed a dread
   105 | D        | Noticed an accursed
   105 | D        | Noticed a dread
   105 | D        | Noticed a tyrant
   105 | D        | Killed an accursed
   105 | D        | Reached XP level 25. HP: 115/140 MP: 55/55
   108 | D        | HP: 4/140 [bag of meat/+9 war axe (15)]
   110 | D        | Killed a dread
   112 | D        | Killed a large bag of meat
   112 | D        | Killed a large bag of meat
   112 | D        | Killed from afar by a large bag of meat
   113 | D        | Reached XP level 24. HP: 57/136 MP: 55/55
   113 | D        | Noticed a destroyer
   113 | D        | Noticed a large bag of meat
   113 | D        | Noticed a destroyer
   113 | D        | Noticed a large bag of meat
   115 | D        | Killed a destroyer
   115 | D        | Reached XP level 25. HP: 130/140 MP: 55/55
   121 | D        | Killed a destroyer
   128 | D        | Noticed a fleshlord
   131 | D        | Killed an accursed
   131 | D        | Reached XP level 26. HP: 145/145 MP: 55/55
   137 | D        | Noticed an accursed
   137 | D        | Killed a tyrant
   139 | D        | Killed a tyrant
   140 | D        | Killed a fleshlord
   141 | D        | Killed a large bag of meat
   142 | D        | Noticed a fleshlord
   143 | D        | HP: 6/145 [??? (4)]
   146 | D        | Noticed a fleshlord
   148 | D        | Killed from afar by an accursed

Skill      XL: |  1  2  3  4  5  6  7  8  9 10 11 12 13 14 15 16 17 |
---------------+----------------------------------------------------+-----
Fighting       | 14 19 20 25 27 | 27.0
Dodging        | 18 23 25 27 | 27.0
Stealth        | 19 25 26 27 | 27.0
Unarmed Combat | 14 19 20 25 27 | 27.0
Spellcasting   | 12 27 23 | 27.0
Invocations    | 13 27 25 | 27.0

Action                   |  1- 3 |  4- 6 |  7- 9 | 10-12 | 13-15 | 16-18 | 19-21 | 22-24 | 25-27 || total
-------------------------+-------+-------+-------+-------+-------+-------+-------+-------+-------++-------
Melee: Unarmed           |     1 |       |       |     2 |     7 |     8 |    21 |    21 |    32 ||    92
       Bite              |       |       |       |       |       |       |       |     1 |       ||     1
  Use: Scroll            |       |       |       |       |       |     1 |       |       |       ||     1
Armor: Skin              |       |       |       |       |       |       |     1 |       |     1 ||     2
Dodge: Dodged            |       |       |       |       |     2 |     2 |    16 |     9 |    31 ||    60
